 Dungeon Crawl Stone Soup version 0.25.1-2-g60ff931df9 (webtiles) character file.

Game seed: 5627466989613716249

61 Snicker the Grave Robber (level 3, 0/25 HPs)
             Began as a Demonspawn Necromancer on Nov 14, 2020.
             Slain by an orc
             ... wielding a +0 war axe
              (9 damage)
             ... on level 2 of the Dungeon.
             The game lasted 00:05:07 (2068 turns).

Snicker the Grave Robber (Demonspawn Necromancer)   Turns: 2068, Time: 00:05:08

Health: 0/25       AC:  7    Str:  8    XL:     3   Next: 83%
Magic:  7/7        EV: 12    Int: 17    God:
Gold:   115        SH:  0    Dex: 13    Spells: 6/7 levels left

rFire    . . .     SeeInvis .   f - +0 flail
rCold    . . .     Gourm    .   (no shield)
rNeg     . . .     Faith    .   d - +0 leather armour
rPois    .         Spirit   .   (no helmet)
rElec    .         Reflect  .   (no cloak)
rCorr    .         Harm     .   l - +0 pair of gloves
MR       +....                  (no boots)
Stlth    ++........             (no amulet)
HPRegen  0.08/turn              b - ring of protection from magic
MPRegen  0.10/turn              (no ring)

@: no status effects
A: yellow scales 2
a: no special abilities


You were on level 2 of the Dungeon.
You were not hungry.

You visited 1 branch of the dungeon, and saw 3 of its levels.

You collected 115 gold pieces.

Inventory:

Hand Weapons
 f - a +0 flail (weapon)
 i - a +0 whip
Armour
 a - a +0 robe
 d - a +0 leather armour (worn)
 l - a +0 pair of gloves (worn)
Jewellery
 b - a ring of protection from magic (left hand)
Scrolls
 g - a scroll of remove curse {unknown}
 j - a scroll of amnesia {unknown}
 k - a scroll of identify {unknown}
Potions
 e - a potion of resistance {unknown}
 h - 2 potions of curing


   Skills:
 + Level 0.8 Fighting
 + Level 0.3 Maces & Flails
 + Level 0.2 Armour
 + Level 1.9 Dodging
 + Level 1.8 Stealth
 + Level 2.7 Spellcasting
 + Level 5.2 Necromancy


You had 6 spell levels left.
You knew the following spells:

 Your Spells              Type           Power        Failure   Level  Hunger
a - Pain                  Necr           ###.         3%          1    #......

Your spell library contained the following spells:

 Spells                   Type           Power        Failure   Level  Hunger
 Animate Skeleton         Necr           N/A          3%          1    #......
 Vampiric Draining        Necr           ###.......   9%          3    ###....
 Animate Dead             Necr           N/A          30%         4    #####..
 Agony                    Necr           ###.....     63%         5    ######.


Dungeon Overview and Level Annotations

Branches:
Dungeon (3/15)

Altars:
Dithmenos
Makhleb


Innate Abilities, Weirdness & Mutations

You are mostly covered in yellow scales. (AC +3)


Message History

There is a stone staircase leading down here.
You climb downwards.
The orc priest shouts!
The orc hits you but does no damage. The adder misses you.
The orc closely misses you. The orc hits you but does no damage.
The adder bites you but does no damage.
There is a stone staircase leading up, spattered with blood here.
Unknown command.
The orc hits you but does no damage.
The orc priest mumbles some strange prayers to Beogh against you.
Beogh smites you!
Ouch! That really hurt!
The adder barely misses you. The orc misses you. The orc closely misses you.
You climb upwards.
There is a stone staircase leading down here.
The orc closely misses you. The orc misses you.
The adder bites you but does no damage. The orc closely misses you.
The orc hits you with a +0 war axe!
You die...

##### ######### #...# #.......#
#...# ###### #######....# #...#
.....# ##...o.##...# #...#
####.## ##....S..#...# #...# #..#
#....>oo@....# #...# ##.#
#.♣.....♣....# #...#
#####'###............# #...#
............♣.♣......#######...##
.....................'.[.........
..........♣.....♣....############
.............<...(#######
.........#.......#.....<#
#####..####.....#################


You could see an adder and 3 orcs.

Vanquished Creatures
  2 adders (D:2)
  2 worms (D:2)
  A dart slug (D:2)
  A leopard gecko (D:2)
  3 orcs (D:2)
  A giant cockroach (D:2)
  5 goblins
  2 hobgoblins
  2 jackals (D:2)
  3 kobolds (D:2)
  A quokka (D:2)
  3 bats
  3 frilled lizards
  A rat (D:2)
30 creatures vanquished.

Notes
Turn   | Place    | Note
-------+----------+-------------------------------------------
     0 | D:1      | Snicker the Demonspawn Necromancer began the quest for the
                  | Orb.
     0 | D:1      | Reached XP level 1. HP: 13/13 MP: 3/3
   357 | D:1      | You fall into a shaft and drop 1 floor!
   357 | D:2      | Found a burning altar of Makhleb.
   376 | D:2      | Gained mutation: You are partially covered in yellow
                  | scales. (AC +2) [demonic ancestry]
   376 | D:2      | Reached XP level 2. HP: 18/19 MP: 1/5
   692 | D:2      | Reached skill level 5 in Necromancy
   811 | D:2      | Gained mutation: You are mostly covered in yellow scales.
                  | (AC +3) [demonic ancestry]
   811 | D:2      | Reached XP level 3. HP: 23/25 MP: 4/6
   936 | D:2      | Found a shadowy altar of Dithmenos.
  2068 | D:2      | Slain by an orc

Illustrated notes

Levels and vault maps discovered:
D:1:      heliophobic_arrival_glass_houses, layout_basic,
          chequers_serial_rivers_marsh
D:2:      layout_basic, bloody_makhleb, grunt_ministairs_10,
          nicolae_dithmenos_through_a_glass_darkly
D:3:      minmay_goblin_kobold_castle, layout_rooms, uniq_ijyb, uniq_sigmund

Skill      XL: |  1  2 |
---------------+-------+-----
Necromancy     | 5 |  5.2
Fighting       | |  0.8
Maces & Flails | |  0.3
Armour         | |  0.2
Dodging        | |  1.9
Stealth        | |  1.8
Spellcasting   | |  2.7

Action                   || total
-------------------------++-------
Melee: Whip              ||    42
       Flail             ||     5
 Cast: Pain              ||    51
  Use: Potion            ||     1
 Stab: Sleeping          ||     1
  Eat: Chunk             ||     3
       Ration            ||     1
Armor: Leather armour    ||    20
       Robe              ||     1
Dodge: Dodged            ||    50
